 Dungeon Crawl Stone Soup version 0.27-a0-1048-g7ee7857c10 (webtiles) character file.

Game seed: 7764688556403663516

5338 Lemonice the Skirmisher (level 10, -1/84 HPs)
             Began as a Palentonga Fighter on Apr 20, 2021.
             Was a Priest of the Shining One.
             Slain by a yak (13 damage)
             ... on level 9 of the Dungeon.
             The game lasted 00:21:03 (8067 turns).

Lemonice the Skirmisher (Palentonga Fighter)        Turns: 8067, Time: 00:21:04

Health: -1/84      AC: 24    Str: 21    XL:     10   Next: 38%
Magic:  17/17      EV:  8    Int: 10    God:    the Shining One [***...]
Gold:   380        SH: 10    Dex: 10    Spells: 16/19 levels left

rFire    . . .     SeeInvis +   I - +3 long sword (freeze)
rCold    . . .     Faith    .   c - +0 kite shield
rNeg     + . .     Spirit   .   b - +0 scale mail
rPois    .         Reflect  .   h - +0 helmet
rElec    .         Harm     .   D - +0 cloak
rCorr    .         Rampage  .   (no gloves)
Will     +....                  J - +0 barding
Stlth    ..........             (no amulet)
HPRegen  0.24/turn              g - +4 ring of slaying
MPRegen  0.15/turn              m - +4 ring of evasion

@: mighty, lethally poisoned (-1 -> -3), hasted and slowed, glowing, curled up
A: large, rugged brown scales 3, see invisible, deformed body, roll 1, armoured
tail, reflexive curl, talons 1, iridescent scales 1, strong-willed 1
a: Rolling Charge, Renounce Religion, Divine Shield


You were on level 9 of the Dungeon.
You worshipped the Shining One.
The Shining One was most pleased with you.
You visited 2 branches of the dungeon, and saw 10 of its levels.
You also visited: Sewer.

You collected 472 gold pieces.
You spent 92 gold pieces at shops.

Inventory:

Hand Weapons
 a - a +0 long sword
 y - a +2 falchion of freezing
 I - a +3 long sword of freezing (weapon)
Missiles
 s - 2 throwing nets
Armour
 b - a +0 scale mail (worn)
 c - a +0 kite shield (worn)
 h - a +0 helmet (worn)
 D - a +0 cloak (worn)
 E - a +0 troll leather armour
 J - a +0 barding (worn)
Jewellery
 g - a +4 ring of slaying (left hand)
 j - a ring of positive energy
 m - a +4 ring of evasion (right hand)
 r - the ring of the Thieving King {Ice rCorr}
   (You found it in a sewer)

   [ring of ice]

   It enhances your ice magic.
   It makes you vulnerable to fire.
   It protects you from cold.
   It protects you from acid and corrosion.
 t - a ring of wizardry
Wands
 F - a wand of acid (8)
 K - a wand of charming (3)
 L - a wand of mindburst (11)
Scrolls
 f - 3 scrolls of teleportation
 i - a scroll of enchant weapon
 k - 2 scrolls of magic mapping
 l - a scroll of enchant armour
 o - a scroll of noise
 p - a scroll of summoning
 w - a scroll of fog
 z - a scroll of fear
 A - a scroll of blinking
 B - 3 scrolls of amnesia
 G - 2 scrolls of identify
 M - a scroll of vulnerability {unknown}
Potions
 e - a potion of invisibility
 n - 2 potions of curing
 q - a potion of heal wounds
 u - a potion of degeneration
 v - a potion of cancellation
 x - a potion of brilliance
 C - 2 potions of flight


   Skills:
 + Level 7.5 Fighting
 + Level 7.1 Long Blades
 + Level 6.0 Armour
 + Level 5.8 Shields
 - Level 5.0 Spellcasting
 - Level 5.5 Transmutations


You had 16 spell levels left.
You knew the following spells:

 Your Spells              Type           Power      Damage    Failure   Level
a - Beastly Appendage     Tmut           26%        N/A       12%         1
b - Wereblood             Tmut           13%        N/A       19%         2

Your spell library contained the following spells:

 Spells                   Type           Power      Damage    Failure   Level
 Spider Form              Tmut/Pois      4%         N/A       73%         3
 Animate Skeleton         Necr           4%         N/A       75%         1
 Corona                   Hex            2%         N/A       75%         1
 Foxfire                  Conj/Fire      8%         2x1d4     75%         1
 Freeze                   Ice            8%         1d3       75%         1
 Pain                     Necr           8%         1d4       75%         1
 Slow                     Hex            2%         N/A       86%         2
 Hydra Form               Tmut           6%         N/A       97%         5
 Confusing Touch          Hex            2%         N/A       98%         3
 Conjure Flame            Conj/Fire      2%         6-21      98%         3
 Frozen Ramparts          Ice            4%         1d2       98%         3
 Gell's Gravitas          Tloc           1%         N/A       98%         3
 Inner Flame              Hex/Fire       2%         N/A       98%         3
 Ozocubu's Armour         Ice            2%         N/A       98%         3
 Portal Projectile        Hex/Tloc       4%         N/A       98%         3
 Vampiric Draining        Necr           1%         2d6       98%         3
 Ice Form                 Ice/Tmut       8%         N/A       98%         4
 Petrify                  Tmut/Erth      8%         N/A       98%         4
 Animate Dead             Necr           1%         N/A       100%        4
 Cause Fear               Hex            1%         N/A       100%        4
 Hailstorm                Conj/Ice       2%         3d3       100%        4
 Leda's Liquefaction      Hex/Erth       1%         N/A       100%        4
 Sticky Flame             Conj/Fire      2%         2d3       100%        4
 Agony                    Necr           2%         N/A       100%        5
 Fireball                 Conj/Fire      1%         3d3       100%        5
 Metabolic Englaciation   Hex/Ice        1%         N/A       100%        5
 Summon Forest            Summ/Tloc      1%         N/A       100%        5
 Summon Mana Viper        Hex/Summ       2%         N/A       100%        5
 Yara's Violent Unravell  Hex/Tmut       4%         3d4       100%        5
 Shadow Creatures         Summ           N/A        N/A       100%        6
 Summon Hydra             Summ           1%         N/A       100%        7


Dungeon Overview and Level Annotations

Branches:
Dungeon (9/15)             Temple (1/1) D:6           Sewer (visited)
   Lair: D:8-11         Orc: D:9-12

Altars:
Ashenzari
Cheibriados
Dithmenos
Elyvilon
Fedhas
Gozag
Hepliaklqana
Kikubaaqudgha
Ru
Sif Muna
Vehumet
Yredelemnul
Zin
The Shining One

Shops:
D:4 *   D:8 :

Annotations:
D:8 3 runed translucent doors, celly00's ghost, novice GrFi


Innate Abilities, Weirdness & Mutations

You are completely covered in rugged brown scales. (AC +3, +7% HP)
You have supernaturally acute eyesight. (SInv)
Armour fits poorly on your strangely shaped body.
You can roll at nearby foes to attack.
You have a long armoured tail.
You curl defensively after being hit.
You have sharp toenails.
You are partially covered in iridescent scales. (AC +2)
You are strong-willed. (Will+)


Message History

You block the hornet's attack. x2
Your shield prevents you from hitting the hornet.
The hornet is lightly wounded.
The hornet stings you but does no damage.
The hornet barely misses you. The hornet stings you.
You feel as though you will be slow longer.
You closely miss the hornet.
Your tail-slap misses the hornet.
The hornet is lightly wounded.
The hornet stings you.
You feel as though you will be slow longer.
The hornet stings you.
* * * LOW HITPOINT WARNING * * *
You feel as though you will be slow longer.
You feel better.
The hornet stings you but does no damage. x2
You block the hornet's attack.
You feel very mighty all of a sudden.
The hornet stings you but does no damage.
The hornet stings you!
* * * LOW HITPOINT WARNING * * *
You are poisoned.
You feel as though you will be slow longer.
You feel yourself speed up.
You feel very sick. You block the hornet's attack. x2
Okay, then.
You slash the hornet! You freeze the hornet.
The hornet is severely wounded.
You feel sick. The hornet stings you.
* * * LOW HITPOINT WARNING * * *
You feel as though you will be slow longer.
You block the hornet's attack.
You slash the hornet! You freeze the hornet.
You kill the hornet!
You feel sick.
Your Armour skill increases to level 6!
You slice the yak!! You freeze the yak!
The yak is severely wounded.
You feel sick. The yak gores you!
You die...

#.###### #..## #'##########
##..# ...)..>#...#
#########.## .###.#.###.###
#..........# . .#...#.#...'.#
#..........# .
.#.###.#.#.#.#####.>........#
Y. .#.
#...#.#....##..........###o.
.#
#####.####)##Y.........#Yo..
...# #.# #.@YYY........#o#
.### #.# ####o.........#†# .#
..# #..........).# ## ###
#..........### #..........#
#..........# ############


You could see 4 yaks and an orc.

Vanquished Creatures
  Joseph (D:9)
  A troll (D:9)
  Grinder (D:5)
  A hornet (D:9)
  Sigmund (D:5)
  A yak (D:9)
  A vampire (D:9)
  2 wyverns
  2 steam dragons
  4 water moccasins
  4 orc warriors
  A sky beast (D:6)
  A black bear (D:6)
  An ogre (D:4)
  A phantom (D:6)
  A centaur (D:9)
  2 bullfrogs
  3 gnoll sergeants (D:6)
  4 scorpions
  A water moccasin zombie (D:5)
  11 wights
  A bullfrog zombie (D:6)
  4 centaur zombies
  4 orc priests
  A centaur skeleton (D:6)
  2 hounds
  A jelly (D:5)
  A gnoll shaman (D:8)
  Terence (D:2)
  6 orc wizards
  4 iguanas
  A killer bee zombie (D:6)
  2 howler monkey zombies (D:8)
  16 gnolls
  8 adders
  3 ufetubi
  2 worms
  3 dart slugs
  26 orcs
  8 bats
  4 endoplasms
  8 giant cockroaches
  8 goblins
  2 hobgoblins (D:1)
  5 jackals (D:1)
  7 quokkas
  7 ball pythons
  8 frilled lizards
  2 kobolds
  4 rats
194 creatures vanquished.

Vanquished Creatures (others)
  An orc wizard (D:5)
1 creature vanquished.

Grand Total: 195 creatures vanquished

Notes
Turn   | Place    | Note
-------+----------+-------------------------------------------
     0 | D:1      | Lemonice the Palentonga Fighter began the quest for the
                  | Orb.
     0 | D:1      | Reached XP level 1. HP: 19/19 MP: 1/1
   233 | D:1      | Reached XP level 2. HP: 24/25 MP: 2/2
   772 | D:2      | Found a white marble altar of Elyvilon.
   786 | D:2      | Reached XP level 3. HP: 31/31 MP: 3/3
   795 | D:2      | Learned a level 1 spell: Beastly Appendage
   817 | D:2      | Noticed Terence
   821 | D:2      | Killed Terence
   868 | D:2      | Reached XP level 4. HP: 39/39 MP: 4/4
  1807 | D:3      | Found a faded altar of an unknown god.
  2020 | D:4      | Noticed a scorpion
  2031 | D:4      | Killed a scorpion
  2032 | D:4      | Reached XP level 5. HP: 32/44 MP: 4/6
  2037 | D:4      | Reached skill level 1 in Transmutations
  2055 | D:4      | Noticed an ogre
  2175 | D:4      | Found a glowing drain.
  2179 | D:4      | Reached skill level 1 in Spellcasting
  2186 | Sewer    | Entered a sewer
  2398 | Sewer    | Reached XP level 6. HP: 37/52 MP: 6/8
  2407 | Sewer    | Identified the ring of the Thieving King {Ice rCorr}
  2665 | D:4      | Found Vep Vurchor's Assorted Antiques.
  2673 | D:4      | Bought a scroll of identify for 46 gold pieces
  2673 | D:4      | Bought a scroll of identify for 46 gold pieces
  2887 | D:5      | Entered Level 5 of the Dungeon
  3067 | D:5      | Noticed a water moccasin
  3077 | D:5      | Killed a water moccasin
  3078 | D:5      | Gained mutation: You curl defensively after being hit.
                  | [Palentonga growth]
  3078 | D:5      | Reached XP level 7. HP: 20/58 MP: 8/10
  3517 | D:5      | Found a snail-covered altar of Cheibriados.
  3530 | D:5      | Reached skill level 5 in Fighting
  3786 | D:5      | Noticed Grinder
  3788 | D:5      | Paralysed by Grinder for 6 turns
  3796 | D:5      | Killed Grinder
  3797 | D:5      | Reached XP level 8. HP: 66/66 MP: 10/12
  3933 | D:5      | Noticed Sigmund
  3937 | D:5      | Killed Sigmund
  4500 | D:6      | Reached skill level 5 in Long Blades
  4562 | D:6      | Found a staircase to the Ecumenical Temple.
  4574 | Temple   | Entered the Ecumenical Temple
  4592 | Temple   | Became a worshipper of the Shining One
  5075 | D:6      | Reached XP level 9. HP: 73/73 MP: 14/14
  5200 | D:6      | Reached * piety under the Shining One
  5994 | D:7      | Reached skill level 5 in Armour
  5999 | D:7      | Learned a level 2 spell: Wereblood
  6594 | D:8      | Reached skill level 5 in Shields
  6594 | D:8      | Reached skill level 5 in Transmutations
  6599 | D:8      | Reached ** piety under the Shining One
  7064 | D:8      | Found a runed translucent gate.
  7068 | D:8      | Found a runed translucent gate.
  7068 | D:8      | Found a runed translucent gate.
  7069 | D:8      | Noticed celly00's ghost (novice GrFi)
  7358 | D:8      | Gained mutation: You are strong-willed. (Will+) [potion of
                  | mutation]
  7358 | D:8      | Gained mutation: You are partially covered in iridescent
                  | scales. (AC +2) [potion of mutation]
  7358 | D:8      | Gained mutation: You have sharp toenails. [potion of
                  | mutation]
  7416 | D:8      | Found Neucycwe's Book Shop.
  7453 | D:8      | Reached skill level 5 in Spellcasting
  7453 | D:8      | Reached XP level 10. HP: 82/82 MP: 17/17
  7597 | D:9      | Reached *** piety under the Shining One
  7757 | D:9      | Noticed Joseph
  7765 | D:9      | Killed Joseph
  7910 | D:9      | Identified the +6 scale mail of Dohoes {rElec Regen+}
  8067 | D:9      | Slain by a yak

Illustrated notes

Levels and vault maps discovered:
D:1:      onia_arrival_pyramid, layout_loops_cross, minmay_cupped
D:2:      layout_basic, basic_altar, uniq_terence
D:3:      layout_basic, shapermc_ecumenical_altar_starsandcircs
D:4:      layout_cave_pools, gup_sewer_entry_pipe, serial_shops, shop
D:5:      layout_basic, old_standard_altar, uniq_sigmund, uniq_grinder
D:6:      layout_loops_ring, minmay_temple_entry_water_ring, serial_glass,
          glass_columns_b, glass_columns_a, glass_columns_b, glass_columns_b
D:7:      layout_basic
D:8:      layout_rooms, serial_shops, nicolae_shop_behind_doors,
          gammafunk_ghost_necromancy
D:9:      layout_roguey [special_room_orc], david_orc_1_choice, uniq_gastronok,
          uniq_joseph
Temple:   grunt_wide_crystal_templ

Skill      XL: |  1  2  3  4  5  6  7  8  9 10 |
---------------+-------------------------------+-----
Long Blades    | 3 4 5 6 7 |  7.1
Fighting       | 4 5 6 7 |  7.5
Armour         | 3 4 5 6 |  6.0
Shields        | 3 4 5 |  5.8
Transmutations | 1 2 3 4 5 |  5.5
Spellcasting   | 1 2 3 5 |  5.0

Action                   |  1- 3 |  4- 6 |  7- 9 | 10-12 || total
-------------------------+-------+-------+-------+-------++-------
Melee: Long sword        |    46 |   128 |   139 |    40 ||   353
       Tailslap          |     3 |    13 |    46 |     6 ||    68
       Falchion          |       |       |   112 |       ||   112
 Cast: Wereblood         |       |       |     2 |       ||     2
       Beastly Appendage |       |       |     1 |       ||     1
 Abil: Rolling Charge    |    12 |    22 |    55 |     7 ||    96
  Use: Scroll            |       |    12 |     7 |       ||    19
       Potion            |       |       |     2 |     3 ||     5
Armor: Scale mail        |    24 |    46 |   104 |    14 ||   188
Dodge: Dodged            |    11 |    47 |    99 |    11 ||   168
Block: Kite shield       |    14 |    54 |   116 |    27 ||   211
       Rpst.: Long sword |     6 |    18 |    16 |     2 ||    42
       Falchion          |       |       |     9 |       ||     9

Table legend: (Time is in decaauts)
 A = Elapsed time spent in this place.
 B = Non-inter-level travel time spent in this place.
 C = Inter-level travel time spent in this place.
 D = Time resting spent in this place.
 E = Time spent auto-exploring this place.
 F = Levels seen in this place.
 G = Mean time per level.
                   A        B        C        D        E       F      G
               +--------+--------+--------+--------+--------+-----+--------+
         Total |   8265 |   8080 |    185 |    738 |   5468 |  11 |  751.4 |
       Dungeon |   7936 |   7751 |    185 |    738 |   5468 |   9 |  881.8 |
        Temple |     27 |     27 |      0 |      0 |      0 |   1 |   27.0 |
         Sewer |    301 |    301 |      0 |      0 |      0 |   1 |  301.0 |
               +--------+--------+--------+--------+--------+-----+--------+

Top non-repeatable levels by time:
     D:5: 1562 daAuts
     D:7: 1336 daAuts
     D:6: 1092 daAuts
     D:1: 778 daAuts
     D:8: 758 daAuts
     D:3: 715 daAuts
     D:2: 620 daAuts
     D:4: 590 daAuts
     D:9: 481 daAuts
   Sewer: 301 daAuts
  Temple: 27 daAuts
